 Dungeon Crawl Stone Soup version 0.21.1-1-g345015f (webtiles) character file.

1042 tidbits the Sneak (level 8, 58/58 HPs)
             Began as a Gnoll Enchanter on June 8, 2018.
             Quit the game on level 5 of the Dungeon.
             The game lasted 00:09:24 (888 turns).

tidbits the Sneak (Gnoll Enchanter)                  Turns: 888, Time: 00:09:25

Health: 58/58      AC:  5    Str: 11    XL:     8   Next: 25%
Magic:  14/16      EV: 15    Int: 23    God:
Gold:   178        SH:  0    Dex: 15    Spells: 9/18 levels left

rFire    . . .     SeeInvis .   a - +1 dagger
rCold    . . .     Gourm    .   (no shield)
rNeg     . . .     Faith    .   B - +0 robe (curse)
rPois    .         Spirit   .   E - +2 helmet {Int+3}
rElec    .         Reflect  .   (no cloak)
rCorr    .         Harm     .   (no gloves)
MR       .....                  (no boots)
Stlth    +++.......             m - amulet of rage
HPRegen  0.19/turn              (no ring)
MPRegen  0.15/turn              (no ring)

@: no status effects
A: distributed training, fangs 1, strong nose
a: Evoke Berserk Rage


You were on level 5 of the Dungeon.
You were not hungry.

You visited 1 branch of the dungeon, and saw 8 of its levels.

You collected 178 gold pieces.

Inventory:

Hand Weapons
 a - a +1 dagger (weapon)
 i - a +0 shortbow
 j - a +0 war axe
 o - a +0 scythe
 s - a +0 scimitar
 t - a +0 falchion of slicing
   (You found it on level 7 of the Dungeon)
Missiles
 q - 35 arrows
 u - 36 bolts
Armour
 b - a +0 robe
 B - a cursed +0 robe (worn)
 E - a +2 helmet of intelligence (worn)
   (You found it on level 7 of the Dungeon)
Jewellery
 m - an amulet of rage (around neck)
   (You found it on level 4 of the Dungeon)
Scrolls
 n - a scroll of amnesia
 r - a scroll of remove curse
Potions
 e - a potion of haste {unknown}
 f - 2 potions of might {unknown}
 g - 2 potions of berserk rage {unknown}
 h - a potion of heal wounds {unknown}
 l - a potion of agility {unknown}
 p - a potion of flight {unknown}
 v - a potion of curing {unknown}
Books
 c - a book of Maledictions

   Spells                             Type                      Level
   a - Corona                         Hexes                        1
   b - Ensorcelled Hibernation        Hexes/Ice                    2
   c - Confuse                        Hexes                        3
   d - Tukima's Dance                 Hexes                        3
   e - Dazzling Spray                 Conjuration/Hexes            3
Comestibles
 d - 3 rations


   Skills:
 + Level 3.0 Fighting
 + Level 4.0 Short Blades
 + Level 3.0 Long Blades
 + Level 3.0 Axes
 + Level 3.0 Maces & Flails
 + Level 3.0 Polearms
 + Level 3.0 Staves
 + Level 3.0 Slings
 + Level 3.0 Bows
 + Level 3.0 Crossbows
 + Level 3.0 Throwing
 + Level 3.0 Armour
 + Level 5.5 Dodging
 + Level 6.7 Stealth
 + Level 3.0 Shields
 + Level 3.0 Unarmed Combat
 + Level 5.9 Spellcasting
 + Level 2.4 Conjurations
 + Level 6.0 Hexes
 + Level 2.4 Charms
 + Level 2.4 Summonings
 + Level 2.4 Necromancy
 + Level 2.4 Translocations
 + Level 2.4 Transmutations
 + Level 2.4 Fire Magic
 + Level 2.4 Ice Magic
 + Level 2.4 Air Magic
 + Level 2.4 Earth Magic
 + Level 2.4 Poison Magic
 + Level 3.3 Invocations
 + Level 3.0 Evocations


You had 9 spell levels left.
You knew the following spells:

 Your Spells              Type           Power        Failure   Level  Hunger
a - Corona                Hex            ####...      1%          1    None
c - Confuse               Hex            ####....     2%          3    #......
d - Dazzling Spray        Conj/Hex       ####..       4%          3    #......
e - Ensorcelled Hibernat  Hex/Ice        ####..       2%          2    None


Dungeon Overview and Level Annotations

Branches:
Dungeon (8/15)
 Temple: D:4-7         Lair: D:8-11

Altars:
Fedhas


Innate Abilities, Weirdness & Mutations

Your experience applies equally to all skills.
You have very sharp teeth.
Your uncanny sense of smell can sniff out nearby items.


Message History

Press: ? - help, Shift-Dir - straight line, f - quokka
Aim: a quokka (chance to defeat MR: 72%)
The quokka looks drowsy...
The helpless quokka fails to defend itself.
You impale the quokka!!
You kill the quokka!
You see here a quokka corpse.
Found 17 gold pieces.
An orc wizard comes into view.
It is wielding a dagger. 2 orcs come into view.
An orc is wielding a mace of crushing.
Found 20 stones.
You see here 17 gold pieces.
You now have 178 gold pieces (gained 17).
The orc wizard shouts!
The orc shouts!
The orc moves out of view.
Casting: Ensorcelled Hibernation
Confirm with . or Enter, or press ? or * to list all spells.
Aiming: Ensorcelled Hibernation
Press: ? - help, Shift-Dir - straight line, f - orc wizard
Aim: an orc wizard, wielding a dagger and wearing a robe (chance to defeat MR: 55%)
The orc wizard looks drowsy...
Unknown command.
The helpless orc wizard fails to defend itself.
You stick the orc wizard like a pincushion!!!
You kill the orc wizard!
Casting: Ensorcelled Hibernation
Confirm with . or Enter, or press ? or * to list all spells.
Aiming: Ensorcelled Hibernation
Press: ? - help, Shift-Dir - straight line, f - orc
Aim: an orc, wielding a dagger (chance to defeat MR: 72%)
The orc struggles to resist.
The orc hits you with a dagger.
You hit the orc.
The orc is heavily wounded.
The orc hits you but does no damage.
Casting: Ensorcelled Hibernation
Confirm with . or Enter, or press ? or * to list all spells.
Aiming: Dazzling Spray
Press: ? - help, Shift-Dir - straight line, f/p - orc
Aim: an orc, wielding a dagger (heavily wounded)
The spray of energy hits the orc.
The orc is almost dead.
The orc is dazzled.
The spray of energy misses the orc.
The orc closely misses you.
The orc hits you with a mace of crushing.
The orc closely misses you. The orc misses you.
You strike the helpless orc from behind!
You impale the orc!!
You kill the orc!
You closely miss the orc. You punch the orc.
You bite the orc, but do no damage.
The orc is moderately wounded.
The orc closely misses you.
Casting: Dazzling Spray
Confirm with . or Enter, or press ? or * to list all spells.
Aiming: Ensorcelled Hibernation
Press: ? - help, Shift-Dir - straight line, f - orc
Aim: an orc, wielding a mace of crushing (moderately wounded, chance to defeat MR: 72%)
The orc looks drowsy...
A giant cockroach comes into view.
The helpless orc fails to defend itself.
You stick the orc like a pincushion!!!
You kill the orc!
Things that are here:
a mace of crushing; a dagger; a robe Unknown command.
You catch the helpless giant cockroach completely off-guard!
You impale the giant cockroach!!
You kill the giant cockroach!
A gnoll comes into view. It is wielding a halberd.
A gnoll comes into view. It is wielding an enchanted spear.
The helpless gnoll fails to defend itself.
You spit the gnoll like a pig!!!
You kill the gnoll!
The helpless gnoll fails to defend itself.
You spit the gnoll like a pig!!!
You kill the gnoll!
An adder zombie comes into view.
A quokka comes into view.
Found a club.
The helpless quokka fails to defend itself.
You impale the quokka!!
You kill the quokka!
Casting: Ensorcelled Hibernation
Confirm with . or Enter, or press ? or * to list all spells.
Aiming: Confuse
Press: ? - help, Shift-Dir - straight line, f - adder zombie
Aim: an adder zombie (chance to defeat MR: 76%)
The adder zombie appears confused.
You completely miss the adder zombie. You barely miss the adder zombie.
You open the door.
There is an open door here.
Found 26 sling bullets.
You open the large door.
There is a large open door here.
As you read the scroll labeled YCKONU XAJIB, it crumbles to dust.
You assume a fearsome visage.
Nothing appears to happen.
It was a scroll of fear.
Are you sure you want to abandon this character and quit the game? (Confirm with "yes".)

### ######## ..# #......####
..######## #..........#######
.........# #............ ....
#........#######@..(........ ....
#............##............##.#.#
#####'######...........# #.##.#..
#####'#.......#.......)###.##.#..
..............#.......)....#.....
.......................###.#.##..
............#.#........#.....†...
...........)#.#........#...#.....
............#.#..#####.###.......


There were no monsters in sight!

Vanquished Creatures
  Sigmund (D:6)
  A water moccasin (D:7)
  An ice beast (D:5)
  2 ogres
  A centaur (D:6)
  A bullfrog (D:7)
  A scorpion (D:4)
  A crimson imp (D:3)
  A centaur zombie (D:7)
  A hound (D:7)
  An orc wizard (D:5)
  2 iguanas
  3 worker ants
  A hound skeleton (D:4)
  A howler monkey skeleton (D:4)
  2 gnolls (D:5)
  2 adders
  A dart slug (D:5)
  A leopard gecko (D:4)
  4 orcs
  A giant cockroach (D:5)
  A goblin (D:1)
  2 hobgoblins (D:1)
  2 kobolds (D:1)
  2 quokkas (D:5)
  A rat (D:3)
38 creatures vanquished.

Notes
Turn   | Place    | Note
-------+----------+-------------------------------------------
     0 | D:1      | tidbits the Gnoll Enchanter began the quest for the Orb.
     0 | D:1      | Reached XP level 1. HP: 13/13 MP: 6/6
    96 | D:1      | Reached XP level 2. HP: 19/19 MP: 7/7
   100 | D:1      | Learned a level 2 spell: Ensorcelled Hibernation
   132 | D:3      | Noticed a crimson imp
   138 | D:3      | Killed a crimson imp
   138 | D:3      | Reached skill level 6 in Stealth
   138 | D:3      | Reached skill level 5 in Spellcasting
   138 | D:3      | Reached skill level 1 in Invocations
   138 | D:3      | Reached XP level 3. HP: 25/25 MP: 7/9
   225 | D:4      | Reached skill level 1 in Fighting
   225 | D:4      | Reached skill level 1 in Long Blades
   225 | D:4      | Reached skill level 1 in Axes
   225 | D:4      | Reached skill level 1 in Maces & Flails
   225 | D:4      | Reached skill level 1 in Polearms
   225 | D:4      | Reached skill level 1 in Staves
   225 | D:4      | Reached skill level 1 in Slings
   225 | D:4      | Reached skill level 1 in Bows
   225 | D:4      | Reached skill level 1 in Crossbows
   225 | D:4      | Reached skill level 1 in Throwing
   225 | D:4      | Reached skill level 1 in Armour
   225 | D:4      | Reached skill level 1 in Shields
   225 | D:4      | Reached skill level 1 in Unarmed Combat
   225 | D:4      | Reached skill level 1 in Evocations
   225 | D:4      | Reached XP level 4. HP: 32/32 MP: 7/11
   231 | D:4      | Reached skill level 1 in Conjurations
   231 | D:4      | Reached skill level 1 in Charms
   231 | D:4      | Reached skill level 1 in Summonings
   231 | D:4      | Reached skill level 1 in Necromancy
   231 | D:4      | Reached skill level 1 in Translocations
   231 | D:4      | Reached skill level 1 in Transmutations
   231 | D:4      | Reached skill level 1 in Fire Magic
   231 | D:4      | Reached skill level 1 in Ice Magic
   231 | D:4      | Reached skill level 1 in Air Magic
   231 | D:4      | Reached skill level 1 in Earth Magic
   231 | D:4      | Reached skill level 1 in Poison Magic
   236 | D:4      | Reached XP level 5. HP: 33/37 MP: 6/12
   241 | D:4      | Learned a level 3 spell: Confuse
   245 | D:4      | Learned a level 3 spell: Dazzling Spray
   262 | D:4      | Reached skill level 3 in Short Blades
   332 | D:4      | Found a blossoming altar of Fedhas.
   353 | D:4      | Noticed an ogre
   367 | D:4      | Killed an ogre
   367 | D:4      | Reached skill level 2 in Invocations
   367 | D:4      | Reached XP level 6. HP: 42/44 MP: 9/14
   383 | D:5      | Entered Level 5 of the Dungeon
   410 | D:6      | Noticed Sigmund
   413 | D:6      | Killed Sigmund
   413 | D:6      | Reached skill level 2 in Fighting
   413 | D:6      | Reached skill level 2 in Long Blades
   413 | D:6      | Reached skill level 2 in Axes
   413 | D:6      | Reached skill level 2 in Maces & Flails
   413 | D:6      | Reached skill level 2 in Polearms
   413 | D:6      | Reached skill level 2 in Staves
   413 | D:6      | Reached skill level 2 in Slings
   413 | D:6      | Reached skill level 2 in Bows
   413 | D:6      | Reached skill level 2 in Crossbows
   413 | D:6      | Reached skill level 2 in Throwing
   413 | D:6      | Reached skill level 2 in Armour
   413 | D:6      | Reached skill level 5 in Dodging
   413 | D:6      | Reached skill level 2 in Shields
   413 | D:6      | Reached skill level 2 in Unarmed Combat
   413 | D:6      | Reached skill level 2 in Evocations
   413 | D:6      | Reached XP level 7. HP: 50/50 MP: 6/15
   610 | D:7      | Reached skill level 2 in Conjurations
   610 | D:7      | Reached skill level 2 in Charms
   610 | D:7      | Reached skill level 2 in Summonings
   610 | D:7      | Reached skill level 2 in Necromancy
   610 | D:7      | Reached skill level 2 in Translocations
   610 | D:7      | Reached skill level 2 in Transmutations
   610 | D:7      | Reached skill level 2 in Fire Magic
   610 | D:7      | Reached skill level 2 in Ice Magic
   610 | D:7      | Reached skill level 2 in Air Magic
   610 | D:7      | Reached skill level 2 in Earth Magic
   610 | D:7      | Reached skill level 2 in Poison Magic
   680 | D:7      | Reached skill level 3 in Invocations
   716 | D:6      | Reached skill level 6 in Hexes
   716 | D:6      | Reached XP level 8. HP: 54/57 MP: 14/16
   792 | D:5      | Reached skill level 3 in Fighting
   792 | D:5      | Reached skill level 4 in Short Blades
   792 | D:5      | Reached skill level 3 in Long Blades
   792 | D:5      | Reached skill level 3 in Axes
   792 | D:5      | Reached skill level 3 in Maces & Flails
   792 | D:5      | Reached skill level 3 in Polearms
   792 | D:5      | Reached skill level 3 in Staves
   792 | D:5      | Reached skill level 3 in Slings
   792 | D:5      | Reached skill level 3 in Bows
   792 | D:5      | Reached skill level 3 in Crossbows
   792 | D:5      | Reached skill level 3 in Throwing
   792 | D:5      | Reached skill level 3 in Armour
   792 | D:5      | Reached skill level 3 in Shields
   792 | D:5      | Reached skill level 3 in Unarmed Combat
   792 | D:5      | Reached skill level 3 in Evocations
   888 | D:5      | Quit the game

Skill      XL: |  1  2  3  4  5  6  7  8 |
---------------+-------------------------+-----
Stealth        | 6 |  6.7
Spellcasting   | 5 |  5.9
Invocations    | 1 2 3 |  3.3
Fighting       | 1 2 3 |  3.0
Long Blades    | 1 2 3 |  3.0
Axes           | 1 2 3 |  3.0
Maces & Flails | 1 2 3 |  3.0
Polearms       | 1 2 3 |  3.0
Staves         | 1 2 3 |  3.0
Slings         | 1 2 3 |  3.0
Bows           | 1 2 3 |  3.0
Crossbows      | 1 2 3 |  3.0
Throwing       | 1 2 3 |  3.0
Armour         | 1 2 3 |  3.0
Shields        | 1 2 3 |  3.0
Unarmed Combat | 1 2 3 |  3.0
Evocations     | 1 2 3 |  3.0
Conjurations   | 1 2 |  2.4
Charms         | 1 2 |  2.4
Summonings     | 1 2 |  2.4
Necromancy     | 1 2 |  2.4
Translocations | 1 2 |  2.4
Transmutations | 1 2 |  2.4
Fire Magic     | 1 2 |  2.4
Ice Magic      | 1 2 |  2.4
Air Magic      | 1 2 |  2.4
Earth Magic    | 1 2 |  2.4
Poison Magic   | 1 2 |  2.4
Short Blades   | 3 4 |  4.0
Dodging        | 5 |  5.5
Hexes          | 6 |  6.0

Action                   |  1- 3 |  4- 6 |  7- 9 || total
-------------------------+-------+-------+-------++-------
Melee: Dagger            |    17 |    17 |    28 ||    62
       Bite              |     1 |       |     2 ||     3
       Punch             |       |       |     1 ||     1
 Cast: Corona            |     3 |       |       ||     3
       Ensorcelled Hiber |     2 |     6 |    11 ||    19
       Confuse           |       |     3 |     5 ||     8
       Dazzling Spray    |       |       |     1 ||     1
  Use: Scroll            |       |       |     3 ||     3
 Stab: Sleeping          |     6 |    10 |    14 ||    30
       Confused          |       |     1 |     4 ||     5
       Distracted        |       |       |     1 ||     1
       Invisible         |       |       |     1 ||     1
Dodge: Dodged            |     7 |     2 |     9 ||    18

Table legend:
 A = Turns spent in this place as a percentage of turns spent in the entire game.
 B = Non-inter-level travel turns spent in this place as a percentage of non-inter-level travel turns spent in the entire game.
 C = Inter-level travel turns spent in this place as a percentage of turns spent in this place.
 D = Turns resting spent in this place as a percentage of non-inter-level travel turns spent in this place.
 E = Turns spent auto-exploring this place as a percentage of non-inter-level travel turns spent in this place.
 F = Non-inter-level travel turns spent in this place divided by the number of levels of this place that you've seen.
                   A       B       C       D       E      F
               +-------+-------+-------+-------+-------+----------------------
         Total | 100.0 | 100.0 |   0.0 |   0.0 |   0.0 | 111.0
       Dungeon | 100.0 | 100.0 |   0.0 |   0.0 |   0.0 | 111.0
               +-------+-------+-------+-------+-------+----------------------

Table legend:
 A = Kills in this place as a percentage of kills in entire the game.
 B = Kills by you in this place as a percentage of kills by you in the entire game.
 C = Kills by friends in this place as a percentage of kills by friends in the entire game.
 D = Other kills in this place as a percentage of other kills in the entire game.
 E = Experience gained in this place as a percentage of experience gained in the entire game.
 F = Experience gained in this place divided by the number of levels of this place that you have seen.
                   A       B       C       D       E      F
               +-------+-------+-------+-------+-------+----------------------
         Total | 100.0 | 100.0 |   N/A |   N/A | 100.0 | 186.1
       Dungeon | 100.0 | 100.0 |   N/A |   N/A | 100.0 | 186.1
               +-------+-------+-------+-------+-------+----------------------

Vault maps used:
D:1:      dpeg_arrival_chase
D:2:      kb_forest_paths, first_ration
D:3:      minmay_liquid_box
D:4:      fedhas_altar_4
D:6:      uniq_sigmund
D:7:      minmay_temple_entry_statues_pillars
D:8:      uniq_prince_ribbit1
